 Dungeon Crawl Stone Soup version 0.28.0 (webtiles) character file.

Game seed: 13494668653425542122

541 Morbidden the Magician (level 7, -1/40 HPs)
             Began as a Deep Elf Earth Elementalist on Feb 11, 2022.
             Slain by an orc (6 damage)
             ... on level 6 of the Dungeon.
             The game lasted 00:07:02 (4680 turns).

Morbidden the Magician (DEEE)                       Turns: 4680, Time: 00:07:03

Health: -1/40      AC:  4    Str:  5    XL:     7   Next: 5%
Magic:  18/18      EV: 11    Int: 22    God:
Gold:   138        SH:  0    Dex: 15    Spells: 15/19 levels left

rFire   . . .      SeeInvis .   a - +2 dagger (venom)
rCold   . . .      Faith    .   (no shield)
rNeg    . . .      Spirit   .   j - +1 leather armour {rPois}
rPois   +          Reflect  .   (no helmet)
rElec   .          Harm     .   (no cloak)
rCorr   .          Rampage  .   (no gloves)
Will    .....                   (no boots)
Stlth   ++........              (no amulet)
HPRegen 0.13/turn               (no ring)
MPRegen 0.16/turn               (no ring)

@: no status effects
A: no striking features
a: no special abilities


You were on level 6 of the Dungeon.
You visited 1 branch of the dungeon, and saw 4 of its levels.
You also visited: Ossuary.

You collected 138 gold pieces.

Inventory:

Hand Weapons
 a - a +2 dagger of venom (weapon)
Armour
 j - a +1 leather armour of poison resistance (worn)
Scrolls
 c - 2 scrolls of fog
 f - a scroll of identify
 i - 4 scrolls of teleportation
 k - a scroll of magic mapping {unknown}
 l - a scroll of vulnerability {unknown}
Potions
 b - 2 potions of flight {unknown}
 d - 3 potions of mutation
 e - 3 potions of curing
 g - 2 potions of brilliance
 h - a potion of heal wounds {unknown}
 m - 2 potions of lignification {unknown}
 n - a potion of haste {unknown}


   Skills:
 * Level 2.0 Fighting
 + Level 0.5 Short Blades
 + Level 0.9 Armour
 + Level 2.6 Dodging
 + Level 3.0 Stealth
 * Level 6.5 Spellcasting
 * Level 0.5 Conjurations
 * Level 2.8 Transmutations
 * Level 5.3 Earth Magic


You had 15 spell levels left.
You knew the following spells:

 Your Spells              Type           Power      Damage    Failure   Level
a - Sandblast             Erth           60%        2d14      1%          1
b - Stone Arrow           Conj/Erth      40%        3d9       13%         3

Your spell library contained the following spells:

 Spells                   Type           Power      Damage    Failure   Level
 Passwall                 Tmut/Erth      20%        N/A       4%          2
 Petrify                  Tmut/Erth      25%        N/A       26%         4
 Dazzling Flash           Conj/Hex       16%        N/A       36%         3
 Iskenderun's Mystic Bla  Conj/Tloc      8%         2d4       77%         4
 Starburst                Conj/Fire      4%         6d3       100%        6


Dungeon Overview and Level Annotations

Branches:
Dungeon (6/15)            Ossuary (visited)
 Temple: D:4-7

Altars:
Gozag

Shops:
D:1 =   D:2 [


Message History

A gnoll sergeant comes into view. It is wielding a +0 trident of flaming.
A gnoll comes into view. It is wielding a +0 spear.
The gnoll sergeant shouts!
You hear a shout!
A gnoll comes into view. It is wielding a +0 club.
A gnoll comes into view. It is wielding a +0 flail.
The gnoll shouts!
A gnoll comes into view. It is wielding a +3 spear of flaming.
You hit the gnoll sergeant.
The gnoll sergeant is poisoned.
The gnoll sergeant is lightly wounded.
The gnoll sergeant barely misses you.
You hit the gnoll sergeant.
The gnoll sergeant looks as sick as possible!
The gnoll sergeant is moderately wounded.
A sky beast comes into view.
The gnoll sergeant hits you with a +0 trident of flaming!
The gnoll sergeant burns you.
You closely miss the gnoll sergeant.
The gnoll sergeant is severely wounded.
The gnoll sergeant hits you with a +0 trident of flaming.
The gnoll sergeant burns you.
You barely miss the gnoll sergeant.
The gnoll sergeant is severely wounded.
The gnoll sergeant barely misses you.
You closely miss the gnoll sergeant.
The gnoll sergeant is severely wounded.
The gnoll sergeant hits you with a +0 trident of flaming!
* * * LOW HITPOINT WARNING * * *
The gnoll sergeant burns you.
* * * LOW HITPOINT WARNING * * *
Unknown command.
The gnoll sergeant barely misses you.
The sky beast flickers out of sight!
Deactivating autopickup; reactivate with Ctrl-A.
You kill the gnoll sergeant!
Your Fighting skill increases to level 2!
Your Stealth skill increases to level 3!
You have reached level 7!
An orc comes into view. It is wielding a +0 hand axe.
The orc hits you with a +0 hand axe.
You die...

#g# <.......
#.# ###.###.
#g# # #. #.#
#. #.# #.
#.#### ###
####....#
#....
#...###.#
...##. #...#
#@# # ##.
####...###o#
##..
.#..........#
##.##
..........>.#
##########.##
#..........#
#..........#
#####...###.#
#.########.#
............#
#.# ...# .
<####...#####
#.# ####..
..###.....[.#
#.# ##.


You could see an orc.

Vanquished Creatures
  An orc warrior (D:6)
  A gnoll sergeant (D:6)
  A centaur zombie (D:6)
  2 human zombies (Ossuary)
  2 orc priests (D:3)
  3 orc wizards
  4 mummies (Ossuary)
  3 adders (D:2)
  2 worms (D:2)
  2 dart slugs
  2 orcs
  6 endoplasms
  A giant cockroach (D:1)
  6 hobgoblins
  7 jackals
  6 kobolds
  7 quokkas
  2 ball pythons
  4 bats
  A frilled lizard (D:1)
  A gnoll zombie (Ossuary)
  9 goblins
  2 goblin zombies (Ossuary)
  2 hobgoblin zombies (Ossuary)
  An orc zombie (Ossuary)
  5 rats
83 creatures vanquished.

Notes
Turn   | Place    | Note
-------+----------+-------------------------------------------
     0 | D:1      | Morbidden the Deep Elf Earth Elementalist began the quest
                  | for the Orb.
     0 | D:1      | Reached XP level 1. HP: 10/10 MP: 6/6
   386 | D:1      | Reached XP level 2. HP: 15/15 MP: 6/8
   947 | D:1      | Reached XP level 3. HP: 19/19 MP: 9/9
   951 | D:1      | Learned a level 3 spell: Stone Arrow
   977 | D:1      | Found Doqaps's Jewellery Boutique.
  1125 | D:1      | Found a faded altar of an unknown god.
  1577 | D:2      | Reached skill level 4 in Spellcasting
  1926 | D:2      | Reached XP level 4. HP: 18/24 MP: 4/12
  2014 | D:2      | Reached skill level 1 in Fighting
  2621 | D:2      | Found Zas Onenoco's Antique Armour Emporium.
  2786 | D:3      | Identified the +11 spear "Zump" {vorpal, *Corrode rPois rC+
                  | rN+++}
  2794 | D:3      | Reached skill level 5 in Spellcasting
  2794 | D:3      | Reached XP level 5. HP: 15/29 MP: 6/14
  3199 | D:3      | You fall into a shaft and drop 3 floors!
  3205 | D:6      | Found an opulent altar of Gozag.
  3263 | D:6      | Identified the +4 hand axe of Blood {venom, *Noise Fly
                  | Will+ SInv}
  3370 | D:6      | Found a sand-covered staircase.
  3374 | D:6      | Noticed an orc warrior
  3378 | D:6      | Reached XP level 6. HP: 35/35 MP: 9/16
  3392 | D:6      | Killed an orc warrior
  3393 | D:6      | Reached skill level 6 in Spellcasting
  3393 | D:6      | Reached skill level 5 in Earth Magic
  3506 | Ossuary  | Entered an ossuary
  4669 | D:6      | Noticed a sky beast
  4677 | D:6      | Reached XP level 7. HP: 4/40 MP: 18/18
  4680 | D:6      | Slain by an orc

Illustrated notes

Levels and vault maps discovered:
D:1:      kennysheep_arrival_seaside, layout_loops_corners,
          hellmonk_ecumenical_altar_prayer_group, serial_shops, shop,
          minmay_vboxes
D:2:      layout_basic, serial_shops, shop_statue
D:3:      layout_loops_ring, grunt_temple_overflow_cloverleaf, st_stairs_14,
          uniq_terence
D:6:      layout_loops_ring, grunt_gozag_statues, nicolae_ossuary_entry_ruins

Skill      XL: |  1  2  3  4  5  6 |
---------------+-------------------+-----
Earth Magic    | 4 5 |  5.3
Spellcasting   | 4 5 6 |  6.5
Fighting       | 1 2 |  2.0
Transmutations | 2 |  2.8
Stealth        | 3 |  3.0
Short Blades   | |  0.5
Armour         | |  0.9
Dodging        | |  2.6
Conjurations   | |  0.5

Action                   |  1- 3 |  4- 6 |  7- 9 || total
-------------------------+-------+-------+-------++-------
Melee: Short sword       |    23 |       |       ||    23
       Dagger            |       |    89 |       ||    89
       Punch             |       |     1 |       ||     1
 Cast: Sandblast         |    54 |    36 |       ||    90
       Stone Arrow       |       |    12 |       ||    12
  Use: Scroll            |       |     4 |       ||     4
       Potion            |       |     3 |       ||     3
 Stab: Sleeping          |     3 |     2 |       ||     5
       Distracted        |       |     1 |       ||     1
Armor: Robe              |    10 |     1 |       ||    11
       Leather armour    |       |    15 |       ||    15
Dodge: Dodged            |    43 |    46 |       ||    89
